 Dungeon Crawl Stone Soup version 0.25-a0-731-g0472a16d6a (webtiles) character file.

Game seed: 16385862285593686425, levelgen mode: deterministic

35026 Maedhros the Covert (level 13, -5/92 HPs)
             Began as an Octopode Artificer on Apr 9, 2020.
             Was the Champion of Ru.
             Hit by a large rock thrown by a stone giant (44 damage)
             ... on level 2 of the Orcish Mines.
             The game lasted 01:08:56 (23570 turns).

Maedhros the Covert (Octopode Artificer)           Turns: 23570, Time: 01:08:57

Health: -5/92      AC:  4    Str: 11    XL:     13   Next: 81%
Magic:  20/28      EV: 18    Int: 14    God:    Ru [******]
Gold:   1378       SH:  3    Dex: 17    Spells: 8/14 levels left

rFire    + . .     SeeInvis +     - Unarmed
rCold    x . .     Gourm    .   c - +2 hat
rNeg     . . .     Faith    .   P - +3 amulet of reflection
rPois    .         Spirit   .   g - ring of fire
rElec    .         Reflect  +   l - ring of wizardry
rCorr    .         Harm     .   r - ring of wizardry
MR       .....                  O - ring of see invisible
Stlth    ++++++....             U - ring of magical power
HPRegen  0.25/turn              (no ring)
MPRegen  0.21/turn              (no ring)

@: exhausted, no potions, heavily drained
A: almost no armour, stealthy swim, amphibious, 7 rings, constrict 7, camouflage
1, shaggy fur 1, gelatinous body 1, evolution 2, inability to drink while
threatened, missing a hand, inexperienced 1, missing an eye
a: Draw Out Power, Power Leap, Apocalypse, Renounce Religion


You were on level 2 of the Orcish Mines.
You worshipped Ru.
Ru was exalted by your worship.
You were not hungry.

You visited 2 branches of the dungeon, and saw 16 of its levels.
You also visited: Sewer.

You collected 1710 gold pieces.
You spent 332 gold pieces at shops.

Inventory:

Hand Weapons
 J - the +5 hunting sling of Licutad {freeze, rPois}
   (You bought it in a shop on level 6 of the Dungeon)

   It causes projectiles fired from it to freeze those they strike, causing
   extra injury to most foes and up to half again as much damage against
   particularly susceptible opponents.
   They can also slow down cold-blooded creatures.
   It protects you from poison.
 Q - a +5 morningstar of freezing
 S - a +4 dagger of venom
 X - a +4 dagger of flaming
Missiles
 q - 286 stones (quivered)
 t - 12 javelins
 K - 59 sling bullets
Armour
 c - a +2 hat (worn)
Jewellery
 g - a ring of fire (left tentacle)
 l - a ring of wizardry (right tentacle)
 r - a ring of wizardry (on tentacle)
 O - a ring of see invisible (on tentacle)
 P - a +3 amulet of reflection (around mantle)
 R - an uncursed amulet of magic regeneration
 U - a ring of magical power (on tentacle)
 Z - an uncursed amulet of rage {unknown}
Wands
 b - a wand of flame (1)
 j - a wand of digging (10)
 m - a wand of polymorph (17)
 C - a wand of clouds (5)
 I - a wand of iceblast (9)
 M - a wand of random effects (2)
Scrolls
 i - 3 scrolls of teleportation
 n - a scroll of fog {unknown}
 u - a scroll of immolation {unknown}
 x - 4 scrolls of magic mapping
 H - 2 scrolls of enchant armour {unknown}
 L - a scroll of random uselessness {unknown}
 N - a scroll of acquirement {unknown}
 T - 2 scrolls of brand weapon {unknown}
 V - a scroll of torment {unknown}
 W - a scroll of summoning {unknown}
Potions
 e - 3 potions of stabbing
 k - 5 potions of heal wounds
 o - 7 potions of lignification
 v - 3 potions of might
 z - 2 potions of brilliance {unknown}
 A - 4 potions of haste
 B - 2 potions of curing {unknown}
 D - 4 potions of ambrosia
 E - 2 potions of mutation
 F - 2 potions of magic
 G - a potion of invisibility {unknown}
 Y - a potion of flight {unknown}
Comestibles
 a - 3 chunks of flesh
 f - 22 rations


   Skills:
 + Level 9.8(7.1) Fighting
 - Level 1.0(0.0) Short Blades
 - Level 8.8(6.2) Slings
 + Level 10.0(7.3) Dodging
 - Level 14.4(11.5) Stealth
 - Level 10.6(7.9) Unarmed Combat
 * Level 1.4(0.0) Spellcasting
 * Level 1.5(0.0) Conjurations
 * Level 1.5(0.0) Charms
 * Level 1.5(0.0) Earth Magic
 - Level 9.0(6.4) Evocations


You had 8 spell levels left.
You knew the following spells:

 Your Spells              Type           Power        Failure   Level  Hunger
a - Sandblast             Erth           #.....       8%          1    ##.....
b - Iskenderun's Battles  Conj/Chrm      #.......     86%         5    ######.

Your spell library contained the following spells:

 Spells                   Type           Power        Failure   Level  Hunger
 Foxfire                  Conj/Fire      #...         8%          1    ##.....
 Passwall                 Tmut/Erth      #.......     12%         2    ###....
 Poisonous Vapours        Pois/Air       #.....       12%         2    ###....
 Conjure Flame            Conj/Fire      #.......     22%         3    ####...
 Inner Flame              Hex/Fire       #.......     22%         3    ####...
 Mephitic Cloud           Conj/Pois/Air  #.......     22%         3    ####...
 Stone Arrow              Conj/Erth      #.....       22%         3    ####...
 Petrify                  Tmut/Erth      #.......     54%         4    #####..
 Sticky Flame             Conj/Fire      #.......     54%         4    #####..
 Bolt of Magma            Conj/Fire/Erth #.........   86%         5    ######.
 Fireball                 Conj/Fire      #.........   86%         5    ######.
 Lee's Rapid Deconstruct  Erth           #.........   86%         5    ######.
 Freezing Cloud           Conj/Ice/Air   #.........   100%        6    #######
 Iron Shot                Conj/Erth      #.........   100%        6    #######
 Orb of Destruction       Conj           #.........   100%        7    #######
 Ring of Flames           Chrm/Fire      #.........   100%        7    #######
 Spellforged Servitor     Conj/Summ      #.........   100%        7    #######


Dungeon Overview and Level Annotations

Branches:
Dungeon (14/15)            Temple (0/1) D:7            Lair (0/6) D:10
    Orc (2/2) D:10            Elf (0/3) Orc:2        Vaults (0/5) D:13
  Sewer (visited)

Altars:
Ashenzari
Cheibriados
Fedhas
Gozag
Hepliaklqana
Kikubaaqudgha
Nemelex Xobeh
Okawaru
Qazlal
Ru
Xom
Zin

Shops:
D:6 !(*}   D:10 *

Annotations:
D:2 1 transporter


Innate Abilities, Weirdness & Mutations

You cannot wear most types of armour.
You are very stealthy in the water. (Stealth+)
You are amphibious.
You can wear up to seven rings at the same time.
You can use your tentacles to constrict seven enemies at once.
Your skin changes colour to match your surroundings (Stealth+).
Your rubbery body absorbs attacks. (AC +1, EV +1)
You cannot drink potions while threatened.
You are missing a hand.
You are somewhat inexperienced. (-2 XL)
You are missing an eye, making it more difficult to aim.
You are covered in fur. (AC +1)
You rapidly evolve.


Message History

Things that are here:
a +0 long sword of draining; a +0 plate armour Unknown command.
Evoke which item? (* to show all) (? for menu, Esc to quit)
Okay, then.
A stone giant comes into view.
The stone giant moves out of view.
You see here a +0 whip.
The stone giant throws a large rock.
The large rock hits you!!!
You feel threatened and lose the ability to drink potions!
The orc knight roars a battlecry!
You see here a large rock.
You reveal the great annihilating truth to your foes!
The stone giant slows down under the weight of truth!
The orc knight is paralysed by terrible understanding!
You kill the orc priest!
You feel drained.
You hear a shout! x21
The stone giant throws a large rock.
The large rock hits you!!!
You die...

.....##.)...........#
......###)..........#
..##.####.......##.##
.##### #...o....#..# ..
##.....)..##### .
#...(.)....#..##
..#....()).).....##
#......####)[).....#
#......# ##@.......#
#.......#####)........
###........##.)........#
##.#.........##C)......##
#...#.......##..>.....##
.#..##.............####
.#...............#.#
.)......#.......####
....#...###......###


You could see a stone giant and an orc knight (paralysed).

Vanquished Creatures
  Gastronok (Orc:1)
  An ettin (Orc:2)
  Josephine (D:13)
  2 hydras
  A vault guard (D:13)
  8 two-headed ogres
  An ogre mage (D:13)
  2 centaur warriors (D:13)
  A tengu warrior (D:14)
  Sonja (Orc:1)
  3 wizards
  An orc knight (Orc:1)
  An ugly thing (D:13)
  3 cyclopes
  3 kobold demonologists (D:11)
  22 orc warriors
  2 hogs (D:7)
  3 trolls
  2 hornets (D:12)
  Prince Ribbit (D:6)
  3 slime creatures
  A hippogriff (D:8)
  A vampire (D:12)
  21 humans (D:13)
  A shadow (D:11)
  6 wraiths
  14 yaks
  4 hungry ghosts
  Grum (D:9)
  A warg (Orc:2)
  A water moccasin (D:6)
  A porcupine (D:10)
  3 ice beasts
  3 phantoms
  3 black bears
  3 sky beasts
  An eye of draining (D:8)
  A necrophage (D:11)
  9 ogres
  3 wolves (D:9)
  12 centaurs
  2 crocodiles
  7 big kobolds
  4 bullfrogs
  5 scorpions
  11 wights
  4 howler monkeys
  3 jellies
  3 centaur zombies
  3 crimson imps
  2 bullfrog zombies
  5 hounds
  A gnoll shaman (D:4)
  10 orc priests
  19 orc wizards
  5 centaur skeletons
  Jessica (D:2)
  A bullfrog skeleton (D:9)
  4 iguanas
  9 worker ants
  2 killer bee zombies
  A hound zombie (D:9)
  A hound skeleton (D:5)
  A howler monkey zombie (D:8)
  Robin (D:2)
  9 gnolls
  20 adders
  3 river rats
  5 shadow imps
  9 oozes
  An adder skeleton (D:6)
  5 worms
  6 leopard geckos
  75 orcs
  2 ball pythons
  6 giant cockroaches
  19 goblins
  18 hobgoblins
  18 jackals
  35 kobolds
  5 quokkas
  A ball python skeleton (D:3)
  5 bats
  5 frilled lizards
  A leopard gecko skeleton (D:4)
  12 rats
518 creatures vanquished.

Vanquished Creatures (collateral kills)
  A human (D:7)
  A hog (D:7)
  A worm (D:4)
  2 orcs
  A hobgoblin (D:2)
  A quokka zombie (D:7)
  2 rats (D:2)
9 creatures vanquished.

Vanquished Creatures (others)
  A centaur warrior (D:10)
  A two-headed ogre (D:12)
  A troll (D:7)
  A slime creature (D:12)
  A yak (D:7)
  An orc warrior (D:8)
  A human (D:9)
  2 orc priests
  A hound (D:4)
  An orc wizard (D:7)
  An adder (D:2)
  A shadow imp (D:8)
  5 orcs
  2 butterflies (D:7)
  16 fungi
  4 plants (D:10)
40 creatures vanquished.

Grand Total: 567 creatures vanquished

Notes
Turn   | Place    | Note
-------+----------+-------------------------------------------
     0 | D:1      | Maedhros the Octopode Artificer began the quest for the
                  | Orb.
     0 | D:1      | Reached XP level 1. HP: 13/13 MP: 3/3
   218 | D:3      | Found a sacrificial altar of Ru.
   232 | D:3      | Became a worshipper of Ru the Awakened
   302 | D:1      | Reached skill level 2 in Stealth
   368 | D:1      | Reached XP level 2. HP: 18/18 MP: 4/4
   544 | D:1      | Reached skill level 3 in Stealth
   824 | D:1      | Reached XP level 3. HP: 14/23 MP: 5/5
  1890 | D:2      | Found a transporter.
  1906 | D:2      | Reached XP level 4. HP: 14/28 MP: 7/7
  1909 | D:2      | Reached skill level 4 in Stealth
  2141 | D:2      | Found a transporter.
  2152 | D:2      | Found a snail-covered altar of Cheibriados.
  2296 | D:2      | Noticed Jessica
  2298 | D:2      | Killed Jessica
  2408 | D:2      | Noticed Robin
  2421 | D:2      | Gained mutation: You are missing a hand. [Ru sacrifice]
  2421 | D:2      | Reached * piety under Ru
  2421 | D:2      | Reached ** piety under Ru
  2421 | D:2      | Reached *** piety under Ru
  2428 | D:2      | Reached XP level 5. HP: 12/33 MP: 8/8
  2841 | D:2      | Reached skill level 5 in Stealth
  2841 | D:2      | Reached skill level 5 in Evocations
  2852 | D:2      | Killed Robin
  3856 | D:4      | Reached XP level 6. HP: 35/38 MP: 9/9
  4184 | D:4      | Reached skill level 6 in Stealth
  4242 | D:4      | Found a glowing drain.
  4250 | Sewer    | Entered a sewer
  4573 | Sewer    | Reached XP level 7. HP: 16/45 MP: 11/11
  4996 | Sewer    | Gained mutation: You cannot drink potions while threatened.
                  | [Ru sacrifice]
  4996 | Sewer    | Reached **** piety under Ru
  5571 | D:4      | Reached XP level 8. HP: 32/54 MP: 12/12
  5596 | D:4      | HP: 2/54 [poisoned by a worker ant]
  5603 | D:4      | HP: 1/54 [poisoned by a worker ant]
  5611 | D:4      | HP: 1/54 [poisoned by a worker ant]
  6228 | D:5      | Entered Level 5 of the Dungeon
  6278 | D:5      | Found an ancient bone altar of Kikubaaqudgha.
  6292 | D:5      | Reached skill level 7 in Stealth
  6649 | D:5      | Reached skill level 5 in Dodging
  7571 | D:6      | Reached skill level 5 in Fighting
  7737 | D:6      | Found Juech's Antique Weapon Boutique.
  7760 | D:6      | Noticed Prince Ribbit
  7765 | D:6      | Killed Prince Ribbit
  7767 | D:6      | Found Rorir's Gadget Shoppe.
  7802 | D:6      | Found Rufuner's Distillery.
  7805 | D:6      | Bought a potion of heal wounds for 50 gold pieces
  7805 | D:6      | Bought a potion of haste for 100 gold pieces
  7829 | D:6      | Found Axejotya's Assorted Antiques.
  7869 | D:6      | Gained mutation: You are somewhat inexperienced. (-2 XL)
                  | [Ru sacrifice]
  7869 | D:6      | Reached XP level 7. HP: 50/50 MP: 12/12
  7869 | D:6      | Reached XP level 6. HP: 45/45 MP: 11/11
  7869 | D:6      | Reached ***** piety under Ru
  7916 | D:6      | Reached XP level 7. HP: 39/50 MP: 12/12
  8066 | D:6      | Reached skill level 8 in Stealth
  8214 | D:6      | Found an opulent altar of Gozag.
  8441 | D:7      | Noticed a troll
  8444 | D:7      | Found a shimmering altar of Xom.
  8487 | D:7      | Reached XP level 8. HP: 25/57 MP: 9/13
  8746 | D:7      | Found a blossoming altar of Fedhas.
  8778 | D:7      | Found a stormy altar of Qazlal.
  8806 | D:7      | Noticed a yak
  8961 | D:7      | Killed a hog
  8961 | D:7      | Reached XP level 9. HP: 41/63 MP: 14/14
  9216 | D:7      | Reached skill level 9 in Stealth
  9435 | D:7      | Found a staircase to the Ecumenical Temple.
  9692 | D:7      | Found an iron altar of Okawaru.
  9793 | D:8      | Gained mutation: You are missing an eye, making it more
                  | difficult to aim. [Ru sacrifice]
  9793 | D:8      | Reached ****** piety under Ru
  9910 | D:8      | Found a sparkling altar of Nemelex Xobeh.
 10125 | D:8      | Reached XP level 10. HP: 45/72 MP: 16/16
 10198 | D:6      | Bought an ebony hunting sling for 182 gold pieces
 10198 | D:6      | Identified the +5 hunting sling of Licutad {freeze, rPois}
                  | (You bought it in a shop on level 6 of the Dungeon)
 10847 | D:8      | Reached skill level 1 in Slings
 10857 | D:8      | Noticed a two-headed ogre
 10861 | D:8      | Killed a two-headed ogre
 10861 | D:8      | Reached skill level 10 in Stealth
 11912 | D:9      | Found an ancient bone altar of Kikubaaqudgha.
 11953 | D:9      | Found a shattered altar of Ashenzari.
 12238 | D:9      | Found a hazy altar of Hepliaklqana.
 12251 | D:9      | Found an ancient bone altar of Kikubaaqudgha.
 12516 | D:9      | Noticed Grum
 12534 | D:9      | Killed Grum
 12778 | D:9      | Found a glowing silver altar of Zin.
 12837 | D:10     | Entered Level 10 of the Dungeon
 13147 | D:10     | Reached XP level 11. HP: 72/80 MP: 17/17
 13151 | D:10     | Found a staircase to the Lair.
 13284 | D:10     | Noticed a two-headed ogre
 13284 | D:10     | Noticed a centaur warrior
 13406 | D:9      | Killed a two-headed ogre
 13644 | D:10     | Found a staircase to the Orcish Mines.
 13860 | D:10     | Got a distressingly furry hat
 13866 | D:10     | Identified the -6 hat of the Fiend {rC- rN+++ rCorr Stlth-}
                  | (You found it on level 10 of the Dungeon)
 13896 | D:10     | Found Ezust's Elemental Accessories.
 13989 | D:10     | Killed a centaur warrior
 13989 | D:10     | Reached skill level 1 in Unarmed Combat
 13992 | D:10     | Reached skill level 5 in Slings
 14006 | D:10     | HP: 4/80 [poisoned by an orc]
 14011 | D:10     | HP: 3/80 [poisoned by an orc]
 14016 | D:10     | HP: 2/80 [poisoned by an orc]
 14495 | D:11     | Reached skill level 11 in Stealth
 14966 | D:11     | Noticed a cyclops
 14990 | D:11     | Killed a cyclops
 15261 | D:11     | You fall into a shaft and drop 1 floor!
 16009 | D:12     | Paralysed by a hornet for 1 turns
 16712 | D:12     | Noticed a seven-headed hydra
 16712 | D:12     | Noticed a wizard
 16717 | D:12     | Noticed a two-headed ogre
 16935 | D:12     | Noticed a two-headed ogre
 17283 | D:12     | Killed a two-headed ogre
 17283 | D:12     | Reached skill level 5 in Unarmed Combat
 17283 | D:12     | Reached XP level 12. HP: 14/85 MP: 12/18
 17740 | D:12     | Killed a seven-headed hydra
 18116 | D:12     | Banished a two-headed ogre
 18121 | D:12     | Reached skill level 12 in Stealth
 19814 | D:13     | Noticed a five-headed hydra
 20090 | D:13     | Noticed a centaur warrior
 20314 | D:13     | Killed a centaur warrior
 20345 | D:13     | Found a blossoming altar of Fedhas.
 20489 | D:13     | Noticed Josephine
 20498 | D:13     | Killed Josephine
 20681 | D:13     | Reached skill level 13 in Stealth
 20786 | D:13     | Reached XP level 13. HP: 52/90 MP: 19/19
 20796 | D:13     | Noticed a vault guard
 20849 | D:13     | Killed a vault guard
 21233 | D:13     | Found a gate to the Vaults.
 21294 | D:13     | Reached skill level 14 in Stealth
 21299 | D:13     | Reached skill level 10 in Unarmed Combat
 21894 | Orc:1    | Entered Level 1 of the Orcish Mines
 21970 | Orc:1    | Noticed Gastronok
 22276 | Orc:1    | Noticed Sonja
 22304 | Orc:1    | Gained mutation: You evolve. [potion of mutation]
 22304 | Orc:1    | Gained mutation: You are covered in fur. (AC +1) [potion of
                  | mutation]
 22304 | Orc:1    | Gained mutation: You rapidly evolve. [potion of mutation]
 22323 | Orc:1    | Killed Gastronok
 22334 | Orc:1    | Killed Sonja
 22653 | Orc:1    | Learned a level 1 spell: Sandblast
 22659 | Orc:1    | Learned a level 5 spell: Iskenderun's Battlesphere
 22749 | Orc:2    | Entered Level 2 of the Orcish Mines
 22969 | Orc:2    | Found a staircase to the Elven Halls.
 23044 | Orc:2    | Noticed an ettin
 23053 | Orc:2    | Reached skill level 1 in Conjurations
 23053 | Orc:2    | Reached skill level 1 in Charms
 23053 | Orc:2    | Reached skill level 1 in Earth Magic
 23053 | Orc:2    | Killed an ettin
 23053 | Orc:2    | Reached skill level 10 in Dodging
 23053 | Orc:2    | Reached skill level 1 in Spellcasting
 23568 | Orc:2    | Noticed a stone giant
 23570 | Orc:2    | Hit by a large rock thrown by a stone giant

Levels and vault maps discovered:
D:1:      dpeg_arrival_oval, layout_basic, minmay_indecisive_spiral
D:2:      layout_basic, gammafunk_temple_overflow_arena, first_ration,
          uniq_jessica, uniq_robin
D:3:      layout_basic, lemuel_doored_altar
D:4:      layout_basic, lightli_sewer_entry_pipes
D:5:      layout_layer_cave, basic_altar
D:6:      layout_gridville, serial_shops, nicolae_shop_behind_doors, shop, shop,
          shop, st_stairs_11, nicolae_gozag_cash_rules_everything_around_me,
          uniq_prince_ribbit1
D:7:      layout_basic, grunt_temple_overflow_forces_of_nature,
          xom_confusion_cloud, okawaru_altar_gauntlet_db,
          minmay_temple_entry_butterflies, grunt_livestock
D:8:      layout_loops_corners, special_room [special_room_orc], basic_altar
D:9:      layout_gridville, zin_treasury, minitemple,
          cheibrodos_ashenzari_chains, tgw_kikubaaqudgha, uniq_grum
D:10:     layout_roguey, due_lair_maze_entry_diamond, erik_orc_3,
          nicolae_elemental_shop, lightli_fourway_metalbox
D:11:     layout_long_grid
D:12:     layout_long_grid
D:13:     layout_roguey, grunt_vaults_entry_tiered, basic_altar, uniq_josephine
D:14:     layout_loops_ring, minmay_misc_feat_chi
Orc:1:    layout_diamond_mine, uniq_gastronok, uniq_sonja, uniq_erica
Orc:2:    grunt_orc_cross, layout_diamond_mine

Skill      XL: |  1  2  3  4  5  6  7  8  9 10 11 12 13 |
---------------+----------------------------------------+-----
Stealth        | 2 3 4 5 6 8 7 9 10 11 13 14 | 14.4
Evocations     | 4 5 7 8 9 |  9.0
Fighting       | 2 6 5 8 9 |  9.8
Dodging        | 3 6 7 8 9 10 | 10.0
Slings         | 3 7 8 |  8.8
Unarmed Combat | 5 8 10 | 10.6
Conjurations   | 1 |  1.5
Charms         | 1 |  1.5
Earth Magic    | 1 |  1.5
Spellcasting   | 1 |  1.4
Short Blades   | |  1.0

Action                   |  1- 3 |  4- 6 |  7- 9 | 10-12 | 13-15 || total
-------------------------+-------+-------+-------+-------+-------++-------
Melee: Short sword       |   103 |   127 |       |       |       ||   230
       Constrict         |    30 |    36 |    68 |    43 |    29 ||   206
       Tentacles         |    20 |    25 |    91 |    89 |    59 ||   284
       Dagger            |       |    42 |   385 |   325 |    92 ||   844
       Morningstar       |       |       |       |    73 |       ||    73
       Punch             |       |       |       |    14 |    19 ||    33
       Unarmed           |       |       |       |       |   141 ||   141
 Fire: Hunting sling     |       |       |       |   461 |    49 ||   510
Invok: Sacrifice a Hand  |       |     1 |       |       |       ||     1
       Draw Out Power    |       |     1 |     1 |    11 |     2 ||    15
       Sacrifice Experie |       |     1 |       |       |       ||     1
       Power Leap        |       |       |     5 |    21 |     4 ||    30
       Sacrifice Drink   |       |       |     1 |       |       ||     1
       Apocalypse        |       |       |     1 |     2 |     4 ||     7
       Sacrifice an Eye  |       |       |     1 |       |       ||     1
Evoke: Wand              |     8 |    13 |    17 |    24 |     7 ||    69
  Use: Scroll            |       |     5 |     3 |     6 |     3 ||    17
       Potion            |       |       |       |     1 |     4 ||     5
 Stab: Sleeping          |     4 |    11 |    21 |    10 |     5 ||    51
       Distracted        |     1 |     3 |     2 |     3 |     5 ||    14
       Invisible         |       |     1 |     7 |     1 |     2 ||    11
       Paralysed         |       |       |     2 |     8 |     4 ||    14
  Eat: Chunk             |     2 |    10 |    16 |    20 |     1 ||    49
       Ration            |       |       |     2 |     4 |     4 ||    10
Armor: Skin              |    13 |     8 |    11 |    38 |     4 ||    74
Dodge: Dodged            |    87 |    93 |   233 |   463 |   185 ||  1061
Block: Other             |       |       |       |    12 |    25 ||    37

Table legend:
 A = Non-vault XP
 B = Vault XP
 C = Vault XP percentage of total XP
 D = Non-vault monster count
 E = Vault monster count
 F = Vault count percentage of total count
                 A         B        C        D         E       F
            +---------+---------+-------+---------+---------+-------
      Total |   37221 |   14488 |  28.0 |     374 |     162 |  30.2
            +---------+---------+-------+---------+---------+-------
        D:1 |      61 |       6 |   9.0 |      29 |       4 |  12.1
        D:2 |      45 |      95 |  67.9 |      18 |      18 |  50.0
        D:3 |      88 |       0 |   0.0 |      24 |       0 |   0.0
        D:4 |     423 |      56 |  11.7 |      24 |       8 |  25.0
        D:5 |     433 |       0 |   0.0 |      18 |       0 |   0.0
        D:6 |     733 |     325 |  30.7 |      17 |       3 |  15.0
        D:7 |    1054 |    1197 |  53.2 |      20 |      14 |  41.2
        D:8 |    2830 |     395 |  12.2 |      34 |      21 |  38.2
        D:9 |    2336 |     528 |  18.4 |      31 |       4 |  11.4
       D:10 |    1631 |    1715 |  51.3 |      16 |      25 |  61.0
       D:11 |    4468 |       0 |   0.0 |      35 |       0 |   0.0
       D:12 |    6266 |       0 |   0.0 |      32 |       0 |   0.0
       D:13 |    9273 |    7961 |  46.2 |      20 |      31 |  60.8
       D:14 |    2435 |       0 |   0.0 |      10 |       0 |   0.0
      Orc:1 |    1518 |    1317 |  46.5 |      25 |       2 |   7.4
      Orc:2 |    3627 |     351 |   8.8 |      21 |       4 |  16.0
      Sewer |       0 |     542 | 100.0 |       0 |      28 | 100.0
            +---------+---------+-------+---------+---------+-------
